 Dungeon Crawl Stone Soup version 0.31-a0-331-geda263fcf1 (webtiles) character file.

Game seed: 4030894249920719284

1757054 ragingrage the Heavyweight Champion (level 25, 273/273 HPs)
             Began as a Troll Shapeshifter on July 20, 2023.
             Was the Champion of Ru.
             Escaped with the Orb
             ... and 3 runes!
             The game lasted 01:42:02 (63380 turns).

ragingrage the Heavyweight Champion (TrSh)         Turns: 63380, Time: 01:42:03

Health: 273/273    AC: 41    Str: 46    XL:     25   Next: 72%
Magic:  25/25      EV:  5    Int:  5    God:    Ru [******]
Gold:   6599       SH: 18    Dex:  6    Spells: 30/32 levels left

rFire   + +          .
                       - Unarmed
rCold   + . .        P - +1 kite shield {AC+3}
rNeg    . . .        n - +12 gold dragon scales
rPois   +            e - +2 hat {Will+}
rElec   .            c - +2 cloak
rCorr   .            (gloves unavailable)
SInv    +            (boots unavailable)
Will    +++..        j - amulet of reflection Stlth
                     G - ring of Qegag {rF+ Str+8 Int-2 Dex-4 Stlth+}
HPRegen 1.45/turn    m - ring of Hewyov {rPois Will+ Int+3 SInv}
MPRegen 0.19/turn

%: reflection
@: no status effects
A: large, unfitting armour, claws 3, low MP 1, regeneration 1, shaggy fur 1,
tough skin 1, no stealth, hated by all, inability to train dodging, no earth
magic, no hexes magic, no translocations magic, inexperienced 1, horns 1,
MP-powered wands
0: Orb of Zot
}: 3/15 runes: decaying, serpentine, silver
a: Renounce Religion, Draw Out Power, Power Leap, Apocalypse


You escaped.
You worshipped Ru.
Ru was exalted by your worship.
You visited 10 branches of the dungeon, and saw 50 of its levels.
You visited 1 bazaar.
You also visited: Sewer, Ossuary, Gauntlet and Desolation.

You collected 9923 gold pieces.
You spent 3324 gold pieces at shops.

Inventory:

Missiles
 o - 16 boomerangs
 p - 62 large rocks (quivered)
 U - 2 throwing nets
 X - 2 silver javelins
 Y - 13 javelins
Armour
 c - a +2 cloak (worn)
 e - a +2 hat of willpower (worn)
 f - the +4 moon troll leather armour {Spirit, Regen++ MP+5}
   (You acquired it on level 8 of the Dungeon)

   MP:        It affects your magic capacity (+5).
   Regen:     It increases your rate of health regeneration.
 n - +12 gold dragon scales (worn)
 P - a +1 kite shield of protection (worn)
Jewellery
 d - the ring "Zabeb" {+Blink rN+ Str+3 Slay+2}
   (You took it off a deep elf pyromancer on level 3 of the Elven Halls)

   [ring of positive energy]

   Str:       It affects your strength (+3).
   Slay:      It affects your accuracy & damage with ranged weapons and melee
   (+2).
   rN:        It protects you from negative energy.
   +Blink:    It lets you blink.
 j - an amulet of reflection (around neck)
 m - the ring of Hewyov (right claw) {rPois Will+ Int+3 SInv}
   (You bought it in a shop on level 3 of the Snake Pit)

   [ring of see invisible]

   Int:       It affects your intelligence (+3).
   rPois:     It protects you from poison.
   SInv:      It lets you see invisible.
   Will:      It increases your willpower.
 q - the ring of the Country {rPois rC++ MP+9 Dex+2}
   (You acquired it on level 1 of the Depths)

   [ring of magical power]

   Dex:       It affects your dexterity (+2).
   rC:        It greatly protects you from cold.
   rPois:     It protects you from poison.
   MP:        It affects your magic capacity (+9).
 G - the ring of Qegag (left claw) {rF+ Str+8 Int-2 Dex-4 Stlth+}
   (You found it in a Gauntlet)

   [ring of protection from fire]

   Str:       It affects your strength (+8).
   Int:       It affects your intelligence (-2).
   Dex:       It affects your dexterity (-4).
   rF:        It protects you from fire.
   Stlth:     It makes you more stealthy.
 K - the ring of Cuho {rC+ Will+ Dex+5}
   (You found it in the Desolation of Salt)

   [ring of protection from cold]

   Dex:       It affects your dexterity (+5).
   rC:        It protects you from cold.
   Will:      It increases your willpower.
Wands
 a - a wand of paralysis (43)
 w - a wand of light (39)
 y - a wand of digging (9)
 I - a wand of flame (167)
 L - a wand of polymorph (47)
 Q - a wand of roots (44)
 V - a wand of mindburst (89)
Scrolls
 g - 15 scrolls of fear
 r - 13 scrolls of poison
 t - 5 scrolls of amnesia
 u - 4 scrolls of vulnerability
 A - 20 scrolls of teleportation
 C - 6 scrolls of blinking
 E - 7 scrolls of immolation
 H - 6 scrolls of fog
 J - 3 scrolls of silence
 O - 2 scrolls of revelation
Potions
 b - 9 potions of lignification
 h - 19 potions of enlightenment
 k - 8 potions of ambrosia
 l - 12 potions of curing
 s - 9 potions of mutation
 v - 6 potions of might
 x - 11 potions of brilliance
 z - 2 potions of cancellation
 B - 5 potions of magic
 D - 13 potions of heal wounds
 F - 3 potions of haste
 N - 6 potions of attraction
 S - 2 potions of invisibility
 T - a potion of resistance
Miscellaneous
 i - a phial of floods
 M - a lightning rod (4/4)
 W - a condenser vane


   Skills:
 - Level 20.0 Fighting
 - Level 21.3 Throwing
 + Level 13.2 Armour
 - Level 15.9 Shields
 O Level 27 Unarmed Combat
 - Level 4.0 Spellcasting
 - Level 8.0 Transmutations
 - Level 11.0 Evocations
 - Level 3.1 Shapeshifting


You had 30 spell levels left.
You knew the following spells:

 Your Spells              Type           Power      Damage    Failure   Level
a - Wereblood             Tmut           9%         N/A       19%         2

Your spell library contained the following spells:

 Spells                   Type           Power      Damage    Failure   Level
 Foxfire                  Conj/Fire      4%         2x1d4     97%         1
 Kiss of Death            Conj/Necr      4%         2d5       97%         1
 Magic Dart               Conj           4%         1d3       97%         1
 Necrotise                Necr           4%         1d4       97%         1
 Poisonous Vapours        Pois/Air       2%         N/A       99%         2
 Static Discharge         Conj/Air       2%         2-3/arc   99%         2
 Sublimation of Blood     Necr           1%         N/A       99%         2
 Frozen Ramparts          Ice            2%         1d1       100%        3
 Hailstorm                Conj/Ice       1%         3d3       100%        3
 Mephitic Cloud           Conj/Pois/Air  1%         N/A       100%        3
 Ozocubu's Armour         Ice            1%         N/A       100%        3
 Swiftness                Air            1%         N/A       100%        3
 Vampiric Draining        Necr           1%         2d6       100%        3
 Airstrike                Air            0%         2d(1-17)  100%        4
 Dispel Undead            Necr           1%         3d6       100%        4
 Flame Wave               Conj/Fire      1%         2d4       100%        4
 Olgreb's Toxic Radiance  Pois           1%         N/A       100%        4
 Sticky Flame             Conj/Fire      1%         2d3       100%        4
 Agony                    Necr           1%         N/A       100%        5
 Alistair's Intoxication  Tmut/Pois      3%         N/A       100%        5
 Fireball                 Conj/Fire      0%         3d3       100%        5
 Freezing Cloud           Conj/Ice/Air   0%         6-21      100%        5
 Irradiate                Conj/Tmut      2%         3d12      100%        5
 Iskenderun's Battlesphe  Conj           1%         2d6       100%        5
 Conjure Ball Lightning   Conj/Air       0%         3x3d6     100%        6
 Eringya's Noxious Bog    Tmut/Pois      2%         4d6       100%        6
 Plasma Beam              Fire/Air       0%         2x1d10    100%        6
 Starburst                Conj/Fire      0%         6d3       100%        6
 Orb of Destruction       Conj           0%         9d5       100%        7
 Ignition                 Fire           0%         3d3       100%        8
 Chain Lightning          Conj/Air       0%         2d1       100%        9
 Death's Door             Necr           0%         N/A       100%        9
 Fire Storm               Conj/Fire      0%         6d1       100%        9
 Apportation              Tloc           Unusable   N/A       N/A         1
 Slow                     Hex            Unusable   N/A       N/A         1
 Summon Small Mammal      Summ           Unusable   N/A       N/A         1
 Call Imp                 Summ           Unusable   N/A       N/A         2
 Petrify                  Tmut/Erth      Unusable   N/A       N/A         4
 Confusing Touch          Hex            Unusable   N/A       N/A         3
 Dazzling Flash           Conj/Hex       Unusable   N/A       N/A         3
 Inner Flame              Hex/Fire       Unusable   N/A       N/A         3
 Summon Guardian Golem    Hex/Summ       Unusable   N/A       N/A         3
 Animate Dead             Necr           Unusable   N/A       N/A         4
 Summon Ice Beast         Ice/Summ       Unusable   N/A       N/A         4
 Summon Lightning Spire   Summ/Air       Unusable   N/A       N/A         4
 Borgnjor's Vile Clutch   Necr/Erth      Unusable   N/A       N/A         5
 Metabolic Englaciation   Hex/Ice        Unusable   N/A       N/A         5
 Silence                  Hex/Air        Unusable   N/A       N/A         5
 Summon Forest            Summ/Tloc      Unusable   N/A       N/A         5
 Death Channel            Necr           Unusable   N/A       N/A         6
 Leda's Unmaking          Conj/Erth      Unusable   9d1       N/A         6
 Simulacrum               Ice/Necr       Unusable   N/A       N/A         6
 Haunt                    Necr/Summ      Unusable   N/A       N/A         7
 Spellforged Servitor     Conj/Summ      Unusable   N/A       N/A         7
 Summon Hydra             Summ           Unusable   N/A       N/A         7
 Discord                  Hex            Unusable   N/A       N/A         8
 Infestation              Necr           Unusable   N/A       N/A         8
 Shatter                  Erth           Unusable   3d5*      N/A         9

Dungeon Overview and Level Annotations

Branches:
Dungeon (15/15)            Temple (0/1) D:6            Lair (5/5) D:11
  Swamp (4/4) Lair:2        Snake (4/4) Lair:2        Slime (0/5) Lair:5
    Orc (2/2) D:9             Elf (3/3) Orc:2        Vaults (5/5) D:13
  Crypt (3/3) Vaults:3     Depths (4/4) D:15            Zot (5/5) Depths:4
  Sewer (visited)         Ossuary (visited)         Desolation (visited)
Gauntlet (visited)
   Tomb: Crypt:3

Altars:
Ashenzari
Dithmenos
Elyvilon
Gozag
Kikubaaqudgha
Makhleb
Nemelex Xobeh
Okawaru
Qazlal
Ru
Vehumet
Xom

Shops:
D:4 *   D:6 :   D:10 :   Orc:2 ([(?[   Snake:2 :   Snake:3 :==   Depths:2 *[*[

Portals:
Hell: Depths:1 Depths:2 Depths:3 Depths:4
Abyss: Depths:3
Pandemonium: Depths:2
Ziggurat: Depths:2

Annotations:
Swamp:3 2 transporters, juan097's ghost, adept MiBe
Elf:2 3 runed translucent doors
Zot:5 2 transporters, 1 exclusion


Innate Abilities, Weirdness & Mutations

You are too large for most types of armour.
You have claws for hands.
Your magical capacity is low. (-10% MP)
Your natural rate of healing is unusually fast.
You are covered in fur. (AC +1)
You have tough skin. (AC +1)
You cannot be stealthy.
You are hated by all.
You cannot train Dodging skill.
You cannot study or cast Earth magic.
You cannot study or cast Hexes magic.
You cannot study or cast Translocations magic.
You are somewhat inexperienced. (-1 XL)
You have a pair of small horns on your head.
You expend magic power (3 MP) to strengthen your wands.


Message History

You climb upwards.
There is a stone staircase leading down here.
There is an open door here.
There is an open door here.
There is an open door here.
There is a stone staircase leading up here.
You climb upwards.
There is a stone staircase leading down here.
There is a stone staircase leading up here.
You climb upwards.
There is a stone staircase leading down here.
You see here a +0 chain mail.
There is a stone staircase leading up here.
You climb upwards.
There is a stone staircase leading down here.
A hell beast comes into view.
You eviscerate the hell beast!!!! Your headbutt misses the hell beast.
You eviscerate the hell beast!!!
You kill the hell beast!
No target in view!
(D) Dungeon (T) Temple (L) Lair (S) Swamp (P) Snake Pit (M) Slime Pits (O) Orcish Mines (E) Elven Halls (V) Vaults (C) Crypt (U) Depths (H) Hell (Z) Zot
Where to? (Enter - D:1 @ (x,y), ? - help)
There is a stone staircase leading up here.
You climb upwards.
There is a stone staircase leading down, spattered with blood here.
There is a stone staircase leading up here.
You climb upwards.
There is a stone staircase leading down here.
There is a stone staircase leading up here.
You climb upwards.
There is a stone staircase leading down here.
There is a stone staircase leading up here.
You climb upwards.
There is a stone staircase leading down here.
There is an open door here.
There is a staircase leading out of the dungeon here.
You have escaped!

#..# #.# #.##.....# #.# ...# #.#
#.####.### #.#
##.#####.#######.....(..# #.####
#.......##...........#.# #.##..
##########.###########.# #.##.#
#.# ########### #.##.# ###.#
#.........# #.##.# ##.#.#
#...###...####.##.# ########.#..#
#.@.#.#...'.##.##.# ........###.#
#...###...#....##.# ..)......#.##
#.........#######.#
###.#####..##############.....#.#
##.#.##............# ####.###.#.#
..###.#.#..#######.###....# #)#.#
##.#.##.#...[..........##.###.#..
##.###.#.########.###.##.....###
#.# #.#.########.###.####.###


There were no monsters in sight!

Vanquished Creatures
  2 dread liches (Zot:5)
  4 ancient liches
  2 orbs of fire (Zot:5)
  Mara (Elf:3)
  Mennas (Vaults:4)
  Sojobo (Crypt:1)
  the Lernaean hydra (Swamp:4)
  Parghit (Zot:4)
  Vv (Crypt:1)
  Margery (Vaults:4)
  Frederick (Vaults:3)
  Saint Roka (Vaults:3)
  3 Killer Klowns
  3 curse toes
  Nikola (Swamp:4)
  Jory (Crypt:1)
  A profane servitor (Depths:2)
  10 golden dragons
  A Tzitzimitl (Zot:3)
  2 electric golems
  15 tentacled monstrosities
  A Brimstone Fiend (Depths:2)
  2 hellephants
  A lich (Crypt:2)
  2 Ice Fiends
  24 Orb Guardians
  2 deep elf blademasters (Elf:3)
  A deep elf master archer (Elf:3)
  4 titans (Vaults:5)
  4 death cobs
  The ghost of Foashama the Severer, an adept DsWr of Gozag (Elf:1)
  A quicksilver dragon (Zot:3)
  7 sphinxes
  5 ancient champions
  Kirke (D:15)
  A walking frostbound tome (Depths:3)
  8 tengu reavers
  17 storm dragons
  Aizul (Snake:2)
  A thorn hunter (Swamp:3)
  13 shadow dragons
  Donald (Swamp:1)
  6 draconian monks
  6 nagarajas
  10 draconian knights
  4 revenants
  3 iron dragons
  9 deep elf sorcerers (Elf:3)
  9 fire giants
  3 ghost moths
  2 imperial myrmidons (Desolation)
  15 vault wardens
  A frost giant (shapeshifter) (Vaults:5)
  9 frost giants
  4 draconian scorchers
  3 spectral caustic shrikes (Depths:2)
  2 curse skulls
  8 deep elf elementalists
  3 orc warlords
  2 ghouls (Crypt:2)
  16 stone giants
  9 draconian annihilators
  5 draconian shifters
  3 war gargoyles
  22 ironbound preservers
  2 formless jellyfish
  The ghost of Iniera the Wallflower, a journeyman DsMo of Uskayaw (Orc:2)
  13 very ugly things
  A juggernaut skeleton (Crypt:1)
  7 vampire knights
  7 eleionomae
  13 green draconians
  A demonspawn black sun (Zot:3)
  13 purple draconians
  A deep elf demonologist (Elf:3)
  12 white draconians
  6 deep elf annihilators (Elf:3)
  4 ironbound thunderhulks
  Azrael (D:15)
  15 yellow draconians
  14 black draconians
  9 red draconians
  4 bunyips
  6 dire elephants
  3 eidola (Crypt:1)
  A minotaur (Gauntlet)
  8 deep elf death magi
  Snorg (Orc:1)
  2 crystal guardians (Desolation)
  6 fire dragons
  21 jiangshi
  Josephine (D:15)
  11 deep elf high priests
  13 ettins
  17 yaktaur captains
  10 ragged hierophants (Desolation)
  4 entropy weavers
  Fannar (Lair:3)
  6 great orbs of eyes
  5 salamander tyrants
  6 servants of whispers (Desolation)
  A hell beast (D:5)
  38 vault guards
  A rakshasa (Depths:3)
  10 ice dragons
  4 spriggan air magi
  12 peacekeepers
  13 ironbound frosthearts
  5 boulder beetles
  17 hydras
  9 anacondas
  16 centaur warriors
  2 catoblepae
  A ghost crab (Swamp:3)
  3 ogre magi
  5 alligators
  13 two-headed ogres
  Erica (D:9)
  9 deep troll shamans
  3 death knights
  16 dancing weapons
  10 death yaks
  16 naga warriors
  8 tengu warriors
  4 hell hogs (Depths:1)
  11 naga sharpshooters
  16 vampire magi
  5 deep troll earth magi
  5 spriggan berserkers
  7 shock serpents
  An orc high priest (Orc:2)
  The ghost of LeprechaunX the Martial Artist, a novice OpSh of Cheibriados (D:8)
  4 sun demons
  A storm dragon zombie (Crypt:3)
  16 hell knights
  4 skysharks (Lair:5)
  7 deep elf knights
  3 soul eaters
  6 iron trolls
  4 goliath frogs
  7 salamander mystics
  13 skeletal warriors
  A golden dragon zombie (Crypt:3)
  A death drake (shapeshifter) (Vaults:5)
  3 flayed ghosts
  A ghost moth zombie (Crypt:3)
  8 swamp dragons
  4 large abominations (Depths:3)
  2 spriggan druids
  A shadow demon (Zot:2)
  70 deep trolls
  8 naga ritualists
  A fire crab (Gauntlet)
  19 ironbound convokers
  13 lindwurms
  12 wizards
  11 bog bodies
  7 deep elf archers
  3 glowing orange brains
  An obsidian statue (Orc:2)
  32 deep elf pyromancers
  A shadow dragon zombie (Crypt:3)
  7 necromancers
  A wolf spider zombie (Crypt:1)
  7 orc knights
  21 deep elf zephyrmancers
  4 orc sorcerers
  15 phantasmal warriors
  29 ugly things
  2 manticores
  An oklob plant (Lair:2)
  13 mana vipers
  4 will-o-the-wisps
  A wolf spider (Lair:5)
  23 salamanders
  5 cyclopes
  A shining eye (shapeshifter) (Vaults:5)
  6 elephants
  An iron dragon skeleton (Crypt:2)
  16 vault sentinels
  21 moths of wrath
  A black mamba (shapeshifter) (Vaults:5)
  12 guardian serpents
  2 rust devils (Depths:2)
  24 cane toads
  52 black mambas
  A naga zombie (Crypt:3)
  4 smoke demons
  A torpor snail (Lair:1)
  15 naga magi
  3 rime drakes
  An orange demon (Depths:2)
  3 gargoyles
  3 hellions
  6 unseen horrors
  2 komodo dragons (shapeshifter)
  2 kobold demonologists
  11 komodo dragons
  24 yaktaurs
  5 freezing wraiths
  A white draconian skeleton (Crypt:1)
  2 efreet (D:13)
  A grey draconian skeleton (Crypt:2)
  An ice devil (Depths:2)
  2 tengu conjurers
  A yellow draconian skeleton (Crypt:1)
  A queen bee (D:8)
  2 red devils (Depths:2)
  A purple draconian skeleton (Crypt:2)
  A hydra zombie (Crypt:3)
  6 hornets
  An iron troll skeleton (Crypt:2)
  5 polar bears
  A death drake zombie (Crypt:2)
  4 trolls
  2 tyrant leeches (Swamp:1)
  8 blink frogs
  63 saltlings (Desolation)
  3 dream sheep (Lair:1)
  An ettin zombie (Crypt:3)
  A tarantella (Vaults:3)
  22 slime creatures
  6 flying skulls (Crypt:2)
  4 spriggans
  7 water elementals
  2 air elementals (Elf:1)
  8 wraiths
  20 vampires
  4 basilisks
  9 wyverns
  5 fire elementals
  8 fire bats
  2 steam dragons
  7 hogs (D:15)
  10 redbacks
  42 yaks
  3 chaos spawn (Depths:3)
  13 vampire mosquitoes
  40 nagas
  14 swamp worms
  2 acid dragons
  5 hell hounds
  A deep troll skeleton (Crypt:1)
  10 wargs
  32 water moccasins
  A floating eye (Depths:1)
  A faun skeleton (Crypt:2)
  A water nymph skeleton (Crypt:1)
  8 swamp drakes
  2 black bears
  41 orc warriors
  3 small abominations (Depths:3)
  4 wolves (Lair:3)
  5 boggarts (Vaults:1)
  17 ogres
  4 centaurs
  A centaur (shapeshifter) (Vaults:2)
  5 kobold brigands
  Blork the orc (D:6)
  A hog skeleton (Crypt:2)
  15 bullfrogs
  2 gnoll sergeants
  10 earth elementals
  2 necrophages (Crypt:2)
  4 water moccasin zombies (Ossuary)
  5 scorpions
  A komodo dragon skeleton (Crypt:1)
  17 wights
  28 killer bees
  5 howler monkeys
  A yak skeleton (Crypt:1)
  5 electric eels
  3 vampire bats (D:9)
  8 jellies
  29 orc priests
  5 hounds
  A centaur skeleton (Crypt:1)
  A gnoll bouda (D:7)
  Ijyb (D:3)
  9 iguanas
  2 sleepcaps
  25 orc wizards
  2 hell rats (Lair:2)
  A boggart simulacrum (D:14)
  2 mummies (Ossuary)
  15 gnolls
  16 adders
  9 river rats
  2 shadow imps
  A white imp (Gauntlet)
  An ufetubus (D:6)
  An iguana zombie (Crypt:2)
  3 adder zombies
  2 worms (D:2)
  A dart slug (D:4)
  111 orcs
  17 ball pythons
  3 bat skeletons
  5 bat zombies (D:9)
  15 endoplasms
  7 giant cockroaches
  3 gnoll zombies (Ossuary)
  11 goblins
  7 hobgoblins
  14 jackals
  4 quokkas
  5 bats
  3 frilled lizards
  6 hobgoblin zombies (Ossuary)
  22 kobolds
  4 kobold zombies (Ossuary)
  An orc skeleton (Crypt:3)
  4 orc zombies (Ossuary)
  21 rats
2406 creatures vanquished.

Vanquished Creatures (others)
  A tentacled monstrosity (Swamp:1)
  A death cob (Zot:1)
  A draconian knight (Zot:3)
  An ironbound preserver (Vaults:3)
  A dire elephant (Vaults:1)
  A white draconian (Zot:1)
  An ettin (Depths:4)
  A fire dragon (Depths:3)
  A deep elf high priest (Elf:3)
  A hydra (Swamp:4)
  A centaur warrior (Vaults:2)
  A soul eater (Depths:2)
  A naga warrior (Snake:3)
  A naga sharpshooter (Snake:4)
  A skeletal warrior (Crypt:1)
  A necromancer (Depths:3)
  3 salamanders
  A torpor snail (Gauntlet)
  2 yaktaurs
  2 bloated husks (Swamp:3)
  A hornet (Lair:5)
  A slime creature (Vaults:3)
  A vampire (D:11)
  A warg (Vaults:5)
  2 nagas (Snake:3)
  An orc warrior (Orc:1)
  An orc wizard (D:9)
  3 orcs
  8 foxfires
43 creatures vanquished.

Grand Total: 2449 creatures vanquished

Notes
Turn   | Place    | Note
-------+----------+-------------------------------------------
     0 | D:1      | ragingrage the Troll Shapeshifter began the quest for the
                  | Orb.
     0 | D:1      | Reached XP level 1. HP: 19/19 MP: 0/0
   208 | D:1      | Reached XP level 2. HP: 28/28 MP: 1/1
   437 | D:1      | Reached XP level 3. HP: 35/35 MP: 2/2
   522 | D:1      | Reached skill level 3 in Unarmed Combat
   809 | D:2      | Got Beginning the Histories of Mysteries
   865 | D:2      | Found a faded altar of an unknown god.
  1245 | D:3      | Reached XP level 4. HP: 42/42 MP: 3/3
  1249 | D:3      | Reached skill level 4 in Unarmed Combat
  1794 | D:3      | Found a shimmering altar of Xom.
  1798 | D:3      | Found a shimmering blue altar of Sif Muna.
  1798 | D:3      | Found a sacrificial altar of Ru.
  1800 | D:3      | Found a sacrificial altar of Ru.
  1800 | D:3      | Found a bloodstained altar of Trog.
  1800 | D:3      | Found a burning altar of Makhleb.
  1845 | D:3      | Noticed Ijyb
  1851 | D:3      | Killed Ijyb
  1852 | D:3      | Reached skill level 5 in Unarmed Combat
  1852 | D:3      | Reached XP level 5. HP: 45/49 MP: 4/4
  2061 | D:4      | Found Zunonas's Assorted Antiques.
  2080 | D:4      | Bought a scroll labelled ETHEOV POTWA for 32 gold pieces
  2080 | D:4      | Bought 2 green potions for 57 gold pieces
  2213 | D:4      | Reached skill level 6 in Unarmed Combat
  2245 | D:4      | Reached XP level 6. HP: 57/57 MP: 5/5
  2448 | D:4      | Found a basalt altar of Yredelemnul.
  2448 | D:4      | Found a broken altar of Ashenzari.
  2574 | D:5      | Entered Level 5 of the Dungeon
  2580 | D:5      | Noticed a yak
  2580 | D:5      | Noticed a yak
  2582 | D:5      | Noticed a yak
  2582 | D:5      | Noticed a yak
  2595 | D:4      | Killed a yak
  2596 | D:4      | Reached skill level 7 in Unarmed Combat
  2664 | D:4      | Killed a yak
  2665 | D:4      | Reached XP level 7. HP: 40/63 MP: 6/6
  2701 | D:4      | Killed a yak
  2702 | D:4      | Reached skill level 8 in Unarmed Combat
  2727 | D:5      | Killed a yak
  2728 | D:5      | Reached skill level 9 in Unarmed Combat
  2734 | D:5      | Found a glowing drain.
  2751 | Sewer    | Entered a sewer
  2883 | Sewer    | Reached XP level 8. HP: 72/72 MP: 7/7
  3016 | D:5      | Reached skill level 10 in Unarmed Combat
  3185 | D:5      | Reached skill level 11 in Unarmed Combat
  3213 | D:5      | Noticed a slime creature
  3214 | D:5      | Noticed a slime creature
  3214 | D:5      | Noticed a slime creature
  3219 | D:5      | Killed a slime creature
  3292 | D:5      | Found a sand-covered staircase.
  3297 | Ossuary  | Entered an ossuary
  3331 | Ossuary  | Reached XP level 9. HP: 75/79 MP: 8/8
  3398 | Ossuary  | Reached skill level 12 in Unarmed Combat
  3694 | D:5      | Found a blossoming altar of Fedhas.
  3784 | D:5      | Found a white marble altar of Elyvilon.
  4025 | D:6      | Found a sacrificial altar of Ru.
  4064 | D:6      | Noticed Blork the orc
  4090 | D:6      | Became a worshipper of Ru the Awakened
  4111 | D:6      | Killed Blork the orc
  4296 | D:6      | Found a sparkling altar of Nemelex Xobeh.
  4297 | D:6      | Found an opulent altar of Gozag.
  4332 | D:6      | Found Anibbuqe's Book Shop.
  4553 | D:6      | Reached skill level 13 in Unarmed Combat
  4596 | D:6      | Found a staircase to the Ecumenical Temple.
  4814 | D:7      | Reached skill level 5 in Fighting
  4819 | D:7      | Reached XP level 10. HP: 70/93 MP: 9/9
  5154 | D:7      | Found a shadowy altar of Dithmenos.
  5172 | D:7      | Gained mutation: Your magical capacity is low. (-10% MP)
                  | [Ru sacrifice]
  5349 | D:7      | Found an iron altar of Okawaru.
  5808 | D:8      | Identified a scroll of acquirement
  5829 | D:8      | Acquired the +4 moon troll leather armour {Spirit, Regen++
                  | MP+5}
  5829 | D:8      | Found the +4 moon troll leather armour {Spirit, Regen++
                  | MP+5}
  6267 | D:8      | Reached skill level 14 in Unarmed Combat
  6267 | D:8      | Noticed LeprechaunX's ghost (novice OpSh)
  6348 | D:8      | Found a transporter.
  6348 | D:8      | Found a transporter.
  6585 | D:8      | Gained mutation: You cannot be stealthy. [Ru sacrifice]
  6585 | D:8      | Reached * piety under Ru
  6673 | D:9      | Found a stormy altar of Qazlal.
  6681 | D:9      | Noticed Erica
  6965 | D:9      | Killed Erica
  6966 | D:9      | Found a staircase to the Orcish Mines.
  6979 | D:9      | Reached XP level 11. HP: 109/109 MP: 8/8
  7036 | D:9      | Reached skill level 15 in Unarmed Combat
  7286 | D:9      | Noticed a purple ugly thing
  7295 | D:9      | Killed a purple ugly thing
  7296 | D:9      | Reached skill level 1 in Evocations
  7317 | D:9      | Noticed a two-headed ogre
  7323 | D:9      | Killed a two-headed ogre
  7429 | D:9      | Found an ancient bone altar of Kikubaaqudgha.
  7644 | D:10     | Entered Level 10 of the Dungeon
  7768 | D:10     | Gained mutation: You are hated by all. [Ru sacrifice]
  7768 | D:10     | Reached ** piety under Ru
  7826 | D:10     | Found Fitt's Book Shop.
  8157 | D:10     | Found a burning altar of Makhleb.
  8157 | D:10     | Noticed a cacodemon
  8516 | Orc:1    | Entered Level 1 of the Orcish Mines
  8524 | Orc:1    | Noticed Snorg
  8534 | Orc:1    | Killed Snorg
  8691 | Orc:1    | Noticed an orc sorcerer
  8696 | Orc:1    | Noticed a soul eater
  8698 | Orc:1    | Killed an orc sorcerer
  8727 | Orc:1    | Noticed an orc warlord
  8762 | Orc:1    | Killed an orc warlord
  8939 | Orc:1    | Gained mutation: You cannot train Dodging skill. [Ru
                  | sacrifice]
  8939 | Orc:1    | Reached *** piety under Ru
  8939 | Orc:1    | Reached **** piety under Ru
  9248 | D:6      | Bought a manual of Fighting for 800 gold pieces
  9454 | D:11     | Found a staircase to the Lair.
  9473 | D:11     | Reached skill level 10 in Fighting
  9481 | D:11     | Reached XP level 12. HP: 127/127 MP: 9/9
  9829 | D:12     | Noticed a two-headed ogre
  9834 | D:12     | Killed a two-headed ogre
 10802 | D:13     | Noticed a centaur warrior
 10810 | D:13     | Killed a centaur warrior
 10815 | D:13     | Noticed a fire giant
 10823 | D:13     | Killed a fire giant
 10939 | D:13     | Noticed a boulder beetle
 10947 | D:13     | Killed a boulder beetle
 11015 | Lair:1   | Entered Level 1 of the Lair of Beasts
 11031 | Lair:1   | Reached skill level 1 in Throwing
 11392 | Lair:2   | Reached XP level 13. HP: 127/148 MP: 10/10
 11643 | Lair:2   | Gained mutation: You are somewhat inexperienced. (-1 XL)
                  | [Ru sacrifice]
 11643 | Lair:2   | Reached XP level 12. HP: 140/140 MP: 14/14
 11643 | Lair:2   | Reached ***** piety under Ru
 11650 | Lair:2   | Found a staircase to the Swamp.
 11799 | Lair:2   | Found a staircase to the Snake Pit.
 11801 | Lair:2   | You fall into a shaft and drop 2 floors!
 11878 | Lair:4   | Found a gate leading to a gauntlet.
 11897 | Gauntlet | Entered a Gauntlet
 11897 | Gauntlet | Found a transporter.
 11897 | Gauntlet | Found a transporter.
 11898 | Gauntlet | Found a transporter.
 11901 | Gauntlet | Found a transporter.
 11901 | Gauntlet | Found a transporter.
 11902 | Gauntlet | Found a transporter.
 11911 | Gauntlet | Found a transporter.
 11915 | Gauntlet | Found a transporter.
 11925 | Gauntlet | Found a transporter.
 12029 | Gauntlet | Found a transporter.
 12031 | Gauntlet | Found a transporter.
 12041 | Gauntlet | Found a transporter.
 12139 | Gauntlet | Reached skill level 5 in Throwing
 12166 | Gauntlet | Reached skill level 16 in Unarmed Combat
 12183 | Gauntlet | Identified the ring of Qegag {rF+ Str+8 Int-2 Dex-4 Stlth+}
 12297 | Gauntlet | Identified the +1 cloak of Impermeability {rF+++ Will-
                  | Regen+ Int-2}
 12314 | Gauntlet | Identified the +0 plate armour of Moekum {Str+2}
 12314 | Gauntlet | Noticed a minotaur
 12320 | Gauntlet | Killed a minotaur
 12326 | Gauntlet | Identified the staff of Prudence {+Blink rPois rF+ SInv
                  | Conj}
 12718 | Lair:3   | Gained mutation: You cannot study or cast Earth magic. [Ru
                  | sacrifice]
 12718 | Lair:3   | Gained mutation: You cannot study or cast Hexes magic. [Ru
                  | sacrifice]
 12718 | Lair:3   | Gained mutation: You cannot study or cast Translocations
                  | magic. [Ru sacrifice]
 12718 | Lair:3   | Reached ****** piety under Ru
 12810 | Lair:3   | Noticed Fannar
 12811 | Lair:3   | Reached skill level 17 in Unarmed Combat
 12817 | Lair:3   | Killed Fannar
 13043 | Lair:3   | Found a radiant altar of Vehumet.
 13562 | Lair:3   | Reached XP level 13. HP: 145/146 MP: 10/10
 13994 | D:8      | Killed LeprechaunX's ghost
 14374 | Lair:4   | Learned a level 2 spell: Wereblood
 14464 | Lair:5   | Entered Level 5 of the Lair of Beasts
 14850 | Lair:5   | Reached skill level 18 in Unarmed Combat
 14925 | Lair:5   | Reached skill level 10 in Throwing
 15046 | Lair:5   | Found a staircase to the Slime Pits.
 15148 | Lair:5   | Identified the +4 long sword "Newtbane" {elec, rElec}
 16117 | D:13     | Got the Almanac of Productive Cinders
 16236 | D:13     | Found a gate to the Vaults.
 16646 | D:13     | Noticed a tengu reaver
 16648 | D:13     | Killed a tengu reaver
 16651 | D:13     | Reached XP level 14. HP: 157/157 MP: 11/11
 17943 | D:14     | Reached skill level 19 in Unarmed Combat
 18053 | D:15     | Entered Level 15 of the Dungeon
 18209 | Orc:2    | Entered Level 2 of the Orcish Mines
 18275 | Orc:2    | Found a runed translucent gate.
 18275 | Orc:2    | Found a runed translucent gate.
 18277 | Orc:2    | Found a runed translucent gate.
 18306 | Orc:2    | Found an opulent altar of Gozag.
 18309 | Orc:2    | Noticed Iniera's ghost (journeyman DsMo)
 18522 | Orc:2    | Killed Iniera's ghost
 18670 | Orc:2    | Found Ijaphu's Antique Armour Shop.
 18744 | Orc:2    | Found a staircase to the Elven Halls.
 18889 | Orc:2    | Found Oxaxta's Magic Scroll Shoppe.
 18914 | Orc:2    | Bought a scroll of identify for 26 gold pieces
 18914 | Orc:2    | Bought a scroll of fear for 52 gold pieces
 18914 | Orc:2    | Bought a scroll of blinking for 97 gold pieces
 18914 | Orc:2    | Bought 3 scrolls of identify for 78 gold pieces
 18914 | Orc:2    | Bought a scroll of immolation for 52 gold pieces
 18969 | Orc:2    | Reached XP level 15. HP: 133/151 MP: 12/12
 18970 | Orc:2    | Found Igug's Antique Weapon Boutique.
 19108 | Orc:2    | Found Sisufy's Antique Weapon Emporium.
 19117 | Orc:2    | Found Unext's Antique Armour Shoppe.
 19758 | D:15     | Identified the +4 rapier of Taxation {antimagic, rN+ Dex+4}
 19773 | D:15     | Noticed Josephine
 19777 | D:15     | Killed Josephine
 20012 | D:15     | Reached skill level 20 in Unarmed Combat
 20126 | D:15     | Noticed Nessos
 20132 | D:15     | Nessos changed into Nessos the ettin
 20132 | D:15     | Noticed Nessos
 20142 | D:15     | Killed Nessos the ettin
 20248 | D:15     | Noticed Kirke
 20256 | D:15     | Killed Kirke
 20436 | D:15     | Noticed Azrael
 20448 | D:15     | Killed Azrael
 20597 | D:15     | Found a staircase to the Depths.
 21449 | Snake:1  | Entered Level 1 of the Snake Pit
 21685 | Swamp:1  | Entered Level 1 of the Swamp
 21696 | Swamp:1  | Identified the +4 kite shield "Vutukeg" {Str+2}
 21696 | Swamp:1  | Noticed Donald
 21703 | Swamp:1  | Killed Donald
 21725 | Swamp:1  | Noticed a tentacled monstrosity
 21734 | Swamp:1  | Reached skill level 1 in Shields
 21738 | Swamp:1  | Killed a tentacled monstrosity
 22082 | Swamp:1  | Reached skill level 15 in Fighting
 22403 | Swamp:2  | Reached XP level 16. HP: 176/176 MP: 13/13
 22905 | Swamp:3  | Reached skill level 5 in Shields
 23099 | Swamp:3  | Noticed a tentacled monstrosity
 23122 | Swamp:3  | Found a transporter.
 23136 | Swamp:3  | Found a transporter.
 23206 | Swamp:3  | Noticed juan097's ghost (adept MiBe)
 23622 | Swamp:4  | Entered Level 4 of the Swamp
 23638 | Swamp:4  | Identified the +0 pair of gloves "Nimogel" {rElec Str-5
                  | SInv}
 23638 | Swamp:4  | Noticed Nikola
 23645 | Swamp:4  | Killed Nikola
 23646 | Swamp:4  | Reached skill level 1 in Armour
 23695 | Swamp:4  | Noticed a tentacled monstrosity
 23710 | Swamp:4  | Killed a tentacled monstrosity
 24155 | Swamp:4  | Reached skill level 5 in Evocations
 24306 | Swamp:4  | Identified the +1 leather armour of Duynish {Dex+3}
 24372 | Swamp:4  | Noticed the 27-headed Lernaean hydra
 24380 | Swamp:4  | Killed the 27-headed Lernaean hydra
 24462 | Swamp:4  | Got a decaying rune of Zot
 26192 | Snake:2  | Noticed Aizul
 26198 | Snake:2  | Found Pureran's Book Emporium.
 26202 | Snake:2  | Killed Aizul
 26400 | Snake:3  | Found Plog's Book Shop.
 26400 | Snake:3  | Found Fuloysee's Jewellery Emporium.
 26401 | Snake:3  | Found Toubif's Jewellery Emporium.
 26406 | Snake:3  | Reached XP level 17. HP: 156/173 MP: 9/14
 26485 | Snake:3  | Bought the ring of Hewyov {rPois Will+ Int+3 SInv} for 495
                  | gold pieces
 26951 | Snake:3  | Reached skill level 21 in Unarmed Combat
 27096 | Snake:3  | Reached skill level 1 in Transmutations
 27137 | Snake:3  | Reached skill level 15 in Throwing
 27704 | Snake:4  | Entered Level 4 of the Snake Pit
 29109 | Snake:4  | Got a serpentine rune of Zot
 29201 | Snake:4  | Reached XP level 18. HP: 186/193 MP: 15/15
 29955 | Elf:1    | Entered Level 1 of the Elven Halls
 29980 | Elf:1    | Found a radiant altar of Vehumet.
 30217 | Elf:1    | Got the Folio of Anthracomancy
 30224 | Elf:1    | Got the Enchiridion on the Lungs
 30483 | Elf:1    | Found a runed translucent gate.
 30484 | Elf:1    | Found a runed translucent gate.
 30486 | Elf:1    | Found a runed translucent gate.
 30487 | Elf:1    | Noticed Foashama's ghost (adept DsWr)
 30972 | Elf:1    | Got the Anthology of Freezing
 31091 | Elf:1    | Killed Foashama's ghost
 31145 | Elf:1    | Identified the +2 mace of the Turnip {heavy, Will+ Str+2}
 31216 | Elf:2    | Reached skill level 5 in Transmutations
 31304 | Elf:2    | Reached skill level 22 in Unarmed Combat
 31397 | Elf:2    | Identified the +0 cloak "Ofoenn" {*Slow rC+ rN++ Dex-5}
 31684 | Elf:3    | Entered Level 3 of the Elven Halls
 31759 | Elf:3    | Noticed Mara
 31772 | Elf:3    | Noticed ragingrage's illusion
 31780 | Elf:3    | Killed Mara
 31858 | Elf:2    | Found a runed translucent gate.
 31859 | Elf:2    | Found a runed translucent gate.
 31868 | Elf:2    | Found a runed translucent gate.
 32432 | Elf:3    | Noticed a Tzitzimitl
 32764 | Elf:3    | Reached skill level 23 in Unarmed Combat
 32889 | Elf:3    | Reached XP level 19. HP: 184/187 MP: 16/16
 32934 | Elf:3    | Identified the +9 morningstar of Linearity {freeze, MP+9}
 33036 | Elf:3    | Identified the ring "Zabeb" {+Blink rN+ Str+3 Slay+2}
 33060 | Elf:3    | Identified the +4 chain mail "Hutropse" {Will- Regen+ MP+9
                  | Str-2}
 33072 | Elf:3    | Identified the +1 ring mail of Jubol {Dex+4 Slay+3}
 33076 | Elf:3    | Identified the staff "Xenib" {Fly Str+5 Stlth- Earth}
 33087 | Elf:3    | Identified the staff of the New World {*Corrode rC+ Str+9
                  | Dex+8 Stlth- Ice}
 33134 | Elf:3    | Acquired 899 gold pieces
 33136 | Elf:3    | Acquired a manual of Shields
 33525 | Vaults:1 | Entered Level 1 of the Vaults
 33557 | Vaults:1 | Reached skill level 1 in Spellcasting
 34165 | Vaults:1 | Reached skill level 10 in Shields
 35359 | Vaults:2 | Paralysed by a sphinx for 4 turns
 36345 | Vaults:2 | Reached XP level 20. HP: 205/215 MP: 14/18
 36957 | Vaults:3 | Noticed Saint Roka
 36969 | Vaults:3 | Killed Saint Roka
 37353 | Vaults:3 | Found a staircase to the Crypt.
 37353 | Vaults:3 | Found an ancient bone altar of Kikubaaqudgha.
 37651 | Vaults:3 | Noticed Frederick
 37664 | Vaults:3 | Killed Frederick
 38486 | Vaults:4 | Found a crumbling gateway.
 38498 | Desolati | Entered the Desolation of Salt
 38613 | Desolati | Reached skill level 24 in Unarmed Combat
 38779 | Desolati | Identified the staff "Ofos" {rPois rF+ Str-3 Dex+6 SInv
                  | Poison}
 38802 | Desolati | Identified the ring "Giczas" {rN++ MP+9 Str-5}
 38806 | Desolati | Identified the ring of Syha {*Slow rElec rN+++ MP+9 Int-4}
 38909 | Desolati | Identified the +6 spear "Fasm" {heavy, Fragile rN+ Will++
                  | rCorr}
 38980 | Desolati | Identified the +0 troll leather armour of Okawaru's
                  | Castigation {Harm Regen+ Dex+5}
 39049 | Desolati | Identified the +0 shortbow of the Thieving Salmon {freeze,
                  | rN+ MP+9 Str+4 Dex-4}
 39137 | Desolati | Reached skill level 15 in Shields
 39165 | Desolati | Identified the ring of Cuho {rC+ Will+ Dex+5}
 39192 | Desolati | Identified the ring "Piuffod" {MP+9 Dex+5}
 39693 | Vaults:4 | Reached XP level 21. HP: 217/226 MP: 21/21
 39913 | Vaults:4 | Noticed Mennas
 39924 | Vaults:4 | Killed Mennas
 40446 | Vaults:4 | Noticed Margery
 40454 | Vaults:4 | Killed Margery
 40690 | Vaults:5 | Entered Level 5 of the Vaults
 40695 | Vaults:5 | Reached skill level 25 in Unarmed Combat
 41019 | Depths:1 | Entered Level 1 of the Depths
 41068 | Depths:1 | Found a flickering gateway to a bazaar.
 41087 | Bazaar   | Entered a bazaar
 41087 | Bazaar   | Found Noylicw's Antique Weapon Emporium.
 41087 | Bazaar   | Found Arymudd's General Store.
 41087 | Bazaar   | Found Xusihywy's Assorted Antiques.
 41098 | Bazaar   | Bought a wand of paralysis (2) for 48 gold pieces
 41098 | Bazaar   | Bought a potion of magic for 80 gold pieces
 41104 | Bazaar   | Bought a scroll of acquirement for 884 gold pieces
 41104 | Bazaar   | Bought a heavy robe for 96 gold pieces
 41104 | Bazaar   | Identified the +2 robe "Asoriyle" {Dex+3} (You bought it in
                  | a shop in a bazaar)
 41104 | Bazaar   | Bought a scroll of enchant armour for 127 gold pieces
 41116 | Depths:1 | Acquired the ring of the Country {rPois rC++ MP+9 Dex+2}
 41477 | Depths:1 | Found a gateway to Hell.
 42104 | Depths:2 | Found Gozag's Antique Armour Shoppe.
 42144 | Depths:2 | Reached skill level 26 in Unarmed Combat
 42148 | Depths:2 | Paralysed by a floating eye for 3 turns
 42330 | Depths:2 | Found a one-way gateway to a ziggurat.
 42366 | Depths:2 | Found Qevei's Changing Room.
 42395 | Depths:2 | Noticed a golden dragon
 42412 | Depths:2 | Killed a golden dragon
 42485 | Depths:2 | Found an opulent altar of Gozag.
 42487 | Depths:2 | Found Gozag's Antique Armour Emporium.
 42489 | Depths:2 | Found Gozag's Assorted Antiques.
 42540 | Depths:2 | Bought a scroll of fear for 400 gold pieces
 42589 | Depths:2 | Identified the +1 rapier of Checks and Balances {antimagic,
                  | rPois rF+}
 43289 | Depths:2 | Reached XP level 22. HP: 160/192 MP: 14/22
 43335 | Depths:2 | Found a one-way gate leading to the halls of Pandemonium.
 43822 | Depths:3 | Reached skill level 27 in Unarmed Combat
 44841 | Depths:3 | Found a one-way gate to the infinite horrors of the Abyss.
 44876 | Depths:4 | Entered Level 4 of the Depths
 45327 | Vaults:5 | Noticed an ancient lich
 46311 | Depths:4 | Found a gate to the Realm of Zot.
 46876 | Depths:4 | Paralysed by a sphinx for 3 turns
 47337 | Vaults:5 | Killed an ancient lich
 47344 | Vaults:5 | Noticed an ancient lich
 48085 | Crypt:1  | Entered Level 1 of the Crypt
 48085 | Crypt:1  | Noticed Sojobo
 48109 | Crypt:1  | HP: 9/228 [poisoned by you (poison gas)]
 48110 | Crypt:1  | Killed Sojobo
 48110 | Crypt:1  | HP: 1/195 [poisoned by you (poison gas)]
 48507 | Crypt:1  | Noticed Vv
 48523 | Crypt:1  | Killed Vv
 49056 | Crypt:1  | Reached XP level 23. HP: 217/244 MP: 23/23
 49098 | Crypt:1  | Noticed Jory
 49106 | Crypt:1  | Killed Jory
 49267 | Vaults:5 | Killed an ancient lich
 50106 | Vaults:5 | Identified the +2 broad axe of Neurosis {freeze, Contam rC+
                  | rCorr Dex+6}
 50115 | Vaults:5 | Noticed an ancient lich
 50726 | Crypt:3  | Entered Level 3 of the Crypt
 51358 | Crypt:3  | Identified the +2 helmet of Life {Fly Int+3}
 51360 | Crypt:3  | Got Kikubaaqudgha's Lectures on Skeletons
 52108 | Vaults:5 | Killed an ancient lich
 52224 | Vaults:5 | Identified the +6 long sword "Giokuek" {venom, Int+2 Dex+3}
 52398 | Vaults:5 | Identified the +3 whip "Xigadana" {flame, rC+ MP+9}
 52716 | Vaults:5 | Identified the +9 halberd of Awasunei {flame, Fragile rPois
                  | rN+ Str+4}
 52776 | Vaults:5 | Identified the staff "Jeteroff" {Dex+3 Earth}
 52899 | Vaults:5 | Identified the +2 shortbow "Rulutucu" {flame, rElec rC-
                  | Int+3 Dex+3}
 53030 | Vaults:5 | Identified the +1 plate armour of Dice, Bag, and Bottle
                  | {rC- rN+ rCorr}
 53316 | Vaults:5 | Got a silver rune of Zot
 53928 | Zot:1    | Entered Level 1 of the Realm of Zot
 53932 | Zot:1    | Reached XP level 24. HP: 229/234 MP: 23/23
 54109 | Zot:1    | Reached skill level 5 in Armour
 56498 | Zot:3    | Reached skill level 10 in Evocations
 57856 | Zot:4    | Gained mutation: You are clumsy. (Dex -2) [potion of
                  | mutation]
 57857 | Zot:4    | Lost mutation: You are clumsy. (Dex -2) [potion of
                  | mutation]
 57857 | Zot:4    | Gained mutation: You are agile. (Dex +4, Str/Int -1)
                  | [potion of mutation]
 57857 | Zot:4    | Gained mutation: You are occasionally teleported next to
                  | monsters. [potion of mutation]
 57857 | Zot:4    | Gained mutation: You have a pair of small horns on your
                  | head. [potion of mutation]
 57858 | Zot:4    | Lost mutation: You are agile. (Dex +4, Str/Int -1) [potion
                  | of mutation]
 57858 | Zot:4    | Lost mutation: You are occasionally teleported next to
                  | monsters. [potion of mutation]
 57858 | Zot:4    | Lost mutation: You have a pair of small horns on your head.
                  | [potion of mutation]
 57858 | Zot:4    | Gained mutation: You have a pair of small horns on your
                  | head. [potion of mutation]
 58225 | Zot:4    | Noticed Parghit
 58499 | Zot:4    | Killed Parghit
 59395 | Zot:4    | Reached XP level 25. HP: 243/273 MP: 25/25
 60150 | Zot:5    | Entered Level 5 of the Realm of Zot
 60419 | Zot:5    | Found a transporter.
 60704 | Zot:5    | Found a transporter.
 60801 | Zot:5    | Noticed a dread lich
 60809 | Zot:5    | Killed a dread lich
 61137 | Zot:5    | Reached skill level 10 in Armour
 61279 | Zot:5    | Noticed an ancient lich
 61280 | Zot:5    | Noticed an orb of fire
 61290 | Zot:5    | Noticed an orb of fire
 61293 | Zot:5    | Killed an ancient lich
 61298 | Zot:5    | Killed an orb of fire
 61302 | Zot:5    | Killed an orb of fire
 62681 | Zot:5    | Noticed a dread lich
 62692 | Zot:5    | Noticed an orb of fire
 62698 | Zot:5    | Killed a dread lich
 62698 | Zot:5    | Noticed an orb of fire
 62698 | Zot:5    | Gained mutation: You expend magic power (3 MP) to
                  | strengthen your wands. [an orb of fire]
 62701 | Zot:5    | Got the Orb of Zot
 63380 | D:$      | Escaped with the Orb!

Illustrated notes

Levels and vault maps discovered:
D:1:      nicolae_arrival_memento_mori, layout_loops_ring
D:2:      layout_basic, basic_ecumenical_altar
D:3:      layout_loops_ring, doesnt_xom_only_xom, uniq_ijyb
D:4:      layout_basic, gammafunk_temple_overflow_elements, serial_shops, shop
D:5:      cheibrodos_fertilizer, layout_cave_pools, elyvilon_altar_5,
          lemuel_round_altar, gup_sewer_entry_glass, enter_ossuary_5,
          hangedman_decor_slide_cut
D:6:      layout_rooms, grunt_temple_overflow_opulence,
          mainiacjoe_overflow_brackets, minmay_temple_entry_fiery, serial_shops,
          nicolae_square_shop, uniq_blork_the_orc
D:7:      layout_basic, okawaru_trees_2, nicolae_dithmenos_shadow_blocks,
          serial_rivers, chequers_serial_rivers_micro_e,
          chequers_serial_rivers_small_b, chequers_serial_rivers_large_a,
          chequers_serial_rivers_micro_b, chequers_serial_rivers_marsh,
          chequers_serial_rivers_marsh, item_on_display_a
D:8:      layout_gridville, gammafunk_ghost_hive
D:9:      layout_small_grid, kennysheep_vampire_church,
          mainiacjoe_overflow_chevrons, erik_orc_4, uniq_erica
D:10:     layout_roguey, makhleb_altar_promises_db, serial_shops, shop
D:11:     layout_rooms, lair_entry_dummy, minmay_between
D:12:     layout_roguey, special_room [special_room_orc]
D:13:     minmay_chopped_fan, layout_layer_cave, david_vaults_1
D:14:     layout_basic, nicolae_kite_square_tiling_tiny,
          kennysheep_generic_room_16
D:15:     grunt_enter_depths_snipers, layout_irregular_city,
          minmay_misc_feat_alley, minmay_misc_feat_x, uniq_nessos,
          uniq_josephine, uniq_azrael, uniq_kirke
Lair:1:   layout_misc_corridors, minivault_25, nicolae_quartered_pool_little,
          cheibrodos_lair_lostbears
Lair:2:   layout_long_grid, minmay_swamp_entry_eels,
          guppyfry_snake_entry_garden, kennysheep_rathole, serial_bayou_shore_a
Lair:3:   layout_regular_city, basic_altar, infiniplex_staircase_pool_2,
          uniq_fannar
Lair:4:   layout_long_grid, gauntlet_entry_generic
Lair:5:   hangedman_lair_tendril_chambers, layout_regular_city, slime_entry_1,
          lemuel_fruit_fields
Swamp:1:  layout_falls_marsh, evilmike_swamp_ruin_house_5, uniq_donald
Swamp:2:  layout_basic_swamp, evilmike_swamp_ruin_house_1
Swamp:3:  layout_basic_swamp, gammafunk_ghost_abyssal_escape,
          infiniplex_staircase_pool, swamp_pool1
Swamp:4:  grunt_swamp_rune_castle, layout_basic_swamp, uniq_nikola
Snake:1:  layout_cave_pods, grunt_megastairs_2
Snake:2:  layout_onion, serial_shops, shop, uniq_aizul
Snake:3:  layout_misc_corridors, grunt_ministairs_3, drop_trap,
          hangedman_snake_sidewinding, minmay_shop_grove
Snake:4:  johnstein_snake_rune_scales, layout_layer_cave, grunt_ministairs_4,
          nicolae_snake_flat_spine, grunt_megastairs_1
Orc:1:    layout_diamond_mine, dreamdust_deal_with_the_devil, uniq_snorg
Orc:2:    grunt_orc_community_town_hall, layout_diamond_mine,
          grunt_orc_community_big_house_2, grunt_orc_community_big_house_1,
          grunt_orc_community_house_2, grunt_orc_community_house_3,
          grunt_orc_community_house_3, grunt_orc_community_house_2,
          grunt_orc_community_house_3, grunt_orc_community_house_2,
          ebering_ghost_gozag, serial_shops, nicolae_shop_just_a_little_nook
Elf:1:    eino_elf_arrival_altar, layout_gridlike, gammafunk_ghost_split,
          kennysheep_underground_church, nicolae_elf_elemental_lessons
Elf:2:    nicolae_elf_blades_splatter_lattice
          [nicolae_blade_entry_crossed_weapons], layout_gridlike
Elf:3:    minmay_elf_hall_hex, layout_loops_cross, uniq_mara
Vaults:1: v_pattern_3, nicolae_vaults_closet_pinwheel_4,
          nicolae_vaults_diffraction_hallways, ontoclasm_vaults_ring_large,
          vaults_room_door_hall, nicolae_vaults_surprise_closet,
          nicolae_vaults_ring_of_whatevers, nicolae_vaults_hallways_thing,
          vaults_dpeg_ring, nicolae_vaults_tetromino_Z_1,
          nicolae_vaults_offset_grid_hallway_1, nicolae_vaults_trapezoid_1,
          ontoclasm_vaults_hangar, nicolae_vaults_little_squares_3,
          nicolae_vaults_trapezoid_2, layout_vaults_omnicross
Vaults:2: hangedman_vaults_capsules, nicolae_vaults_security_offices_2,
          nicolae_vaults_variable_pillar_hall, nicolae_vaults_network_s,
          vaults_room_large_hall, nicolae_vaults_spaceships,
          nicolae_vaults_trapezoid_lopsided_1, nicolae_vaults_trapezoid_layered,
          nicolae_vaults_tetromino_L_2, vaults_room_fours,
          nicolae_vaults_closet_pinwheel_3, nicolae_vaults_layer_cake_slice,
          vaults_room_hallway, vaults_mumra_hex, layout_vaults_omnibox
Vaults:3: minmay_crypt_entry_necro_gods, nicolae_vaults_six-pack,
          nicolae_vaults_museum, v_misc_3, nicolae_vaults_trapezoid_lopsided_2,
          nicolae_vaults_weapon_check, ontoclasm_vaults_eye,
          ontoclasm_vaults_bender, nicolae_vaults_little_squares_3,
          nicolae_vaults_yaktaur_gun_rack, layout_vaults_ring, uniq_frederick,
          uniq_saint_roka
Vaults:4: portal_desolation_entry_ruin, nicolae_vaults_trapezoid_4,
          vaults_room_boxed, ontoclasm_vaults_shout,
          nicolae_vaults_angled_halls, nicolae_vaults_double_plus_2,
          nicolae_vaults_theta, layout_vaults_big_room, uniq_mennas,
          uniq_margery
Vaults:5
Crypt:1:  layout_catacombs, grunt_megastairs_3, uniq_vv, uniq_jory, uniq_sojobo
Crypt:2:  layout_misc_corridors
Crypt:3:  due_elkab, layout_chaotic_city, tomb_entry_shell_bobbens,
          feat_on_display, uniq_khufu
Depths:1: layout_basic, serial_shops, bzr_entry_lakeside,
          chequers_serial_rivers_micro_a, hellmouth_3,
          kennysheep_generic_room_4, serial_bayou_shore_b
Depths:2: kennysheep_gozag_temple, layout_honeycomb, enter_ziggurat_a,
          pf_hell_entry_tar_river, minmay_misc_feat_rows,
          grunt_pan_entry_spiral, minmay_misc_feat_diagonals,
          nicolae_transmutations_shop, hangedman_decor_opposing,
          hangedman_cracks_in_the_wall, uniq_josephina
Depths:3: minmay_the_grid_triangle_9x9_rhombus_full
          [minmay_the_grid_triangle_9x9_descending_squares,
          minmay_the_grid_triangle_9x9_steps,
          minmay_the_grid_triangle_9x9_empty,
          minmay_the_grid_triangle_9x9_negative_grid,
          minmay_the_grid_triangle_9x9_longest,
          minmay_the_grid_triangle_9x9_sparse_checkered,
          minmay_the_grid_triangle_9x9_swiss_cheese,
          minmay_the_grid_triangle_9x9_prize_insulated], layout_cave_shapes,
          minmay_room_of_horrors, hell_entry, kennysheep_generic_room_8,
          infiniplex_staircase_trident
Depths:4: grunt_zot_entry_tricorne, layout_basic, serial_sigils,
          serial_sigils_hangedman_quiver, serial_sigils_hangedman_gnaw,
          serial_sigils_hangedman_clutch, serial_sigils_hangedman_shear,
          minmay_misc_feat_ornament, hangedman_coc_ice_floe
Zot:1:    layout_basic
Zot:2:    layout_concentric_octagons
Zot:3:    layout_misc_corridors, hangedman_snake_sidewinding
Zot:4:    layout_basic, uniq_parghit
Zot:5:    layout_basic, nicolae_diode_stairs

Skill      XL: |  1  2  3  4  5  6  7  8  9 10 11 12 13 14 15 16 17 18 19 20 21 22 23 24 25 |
---------------+----------------------------------------------------------------------------+-----
Unarmed Combat | 3 5 6 7 9 11 13 14 15 17 18 19 20 21 23 24 26 27 | 27.0
Fighting       | 5 7 10 14 15 16 17 18 20 | 20.0
Evocations     | 4 6 7 8 9 11 | 11.0
Dodging        | 0 |  0.0
Throwing       | 8 11 12 14 15 16 17 20 21 | 21.3
Shields        | 3 8 9 12 15 | 15.9
Armour         | 1 4 7 13 | 13.2
Transmutations | 3 5 7 8 |  8.0
Spellcasting   | 1 3 4 |  4.0
Shapeshifting  | |  3.1

Action                     |  1- 3 |  4- 6 |  7- 9 | 10-12 | 13-15 | 16-18 | 19-21 | 22-24 | 25-27 || total
---------------------------+-------+-------+-------+-------+-------+-------+-------+-------+-------++-------
  Melee: Unarmed           |    96 |   109 |   323 |   756 |   647 |  1011 |  1237 |  1128 |   208 ||  5515
         Punch             |     3 |     4 |    15 |    58 |    66 |       |       |       |       ||   146
         Headbutt          |       |       |       |       |       |       |       |    13 |    43 ||    56
  Throw: Dart              |       |       |     4 |     4 |     3 |     3 |       |       |       ||    14
         Boomerang         |       |       |     5 |    10 |    28 |    76 |    75 |    11 |       ||   205
         Javelin           |       |       |       |       |       |    25 |       |    18 |     6 ||    49
         Large rock        |       |       |       |       |       |       |     1 |   305 |    85 ||   391
   Cast: Wereblood         |       |       |       |       |       |     3 |    55 |    43 |     1 ||   102
 Invoke: Sacrifice Essence |       |       |       |     1 |       |       |       |       |       ||     1
         Sacrifice Stealth |       |       |       |     1 |       |       |       |       |       ||     1
         Sacrifice Love    |       |       |       |     1 |       |       |       |       |       ||     1
         Sacrifice Nimblen |       |       |       |     1 |       |       |       |       |       ||     1
         Apocalypse        |       |       |       |     3 |     6 |    15 |    13 |    12 |     1 ||    50
         Sacrifice Arcana  |       |       |       |     1 |       |       |       |       |       ||     1
         Sacrifice Experie |       |       |       |     1 |       |       |       |       |       ||     1
         Reject Sacrifices |       |       |       |     1 |       |       |       |       |       ||     1
         Power Leap        |       |       |       |       |       |     1 |       |       |       ||     1
Ability: Begin Untransform |       |       |       |       |       |     2 |       |       |       ||     2
  Evoke: Wand              |       |       |       |     5 |     3 |    10 |     4 |     4 |     5 ||    31
         Condenser vane    |       |       |       |       |     1 |     2 |     1 |     1 |       ||     5
         Phial of floods   |       |       |       |       |       |     1 |     1 |       |       ||     2
    Use: Scroll            |       |       |     1 |     9 |    18 |     5 |     6 |     7 |     8 ||    54
         Potion            |       |       |       |     2 |     2 |     7 |     2 |    11 |     3 ||    27
   Stab: Sleeping          |     2 |       |       |       |       |       |       |       |       ||     2
         Paralysed         |       |       |       |     8 |    11 |    17 |    24 |    30 |     2 ||    92
         Distracted        |       |       |       |     1 |     6 |     3 |     3 |     5 |     2 ||    20
         Invisible         |       |       |       |       |     8 |     7 |     3 |     9 |     2 ||    29
         Petrifying        |       |       |       |       |       |       |     1 |       |       ||     1
 Armour: Animal skin       |    31 |    32 |   161 |       |       |       |       |       |       ||   224
         Robe              |       |       |    24 |    26 |       |       |       |       |       ||    50
         Troll leather arm |       |       |       |   333 |   185 |   208 |   239 |   258 |       ||  1223
         Skin              |       |       |       |    15 |    16 |       |       |       |       ||    31
         Gold dragon scale |       |       |       |       |       |       |       |     3 |    81 ||    84
  Dodge: Dodged            |    47 |    62 |   190 |   361 |   260 |   293 |   137 |   138 |    16 ||  1504
  Block: Kite shield       |       |       |       |       |    18 |   477 |   704 |   521 |    88 ||  1808
         Reflection        |       |       |       |       |       |       |    49 |    20 |     4 ||    73
         Tower shield      |       |       |       |       |       |       |       |    34 |       ||    34
   Form: Beast             |       |       |       |       |       |     1 |       |       |       ||     1

Table legend: (Time is in decaauts)
 A = Elapsed time spent in this place.
 B = Non-inter-level travel time spent in this place.
 C = Inter-level travel time spent in this place.
 D = Time resting spent in this place.
 E = Time spent auto-exploring this place.
 F = Levels seen in this place.
 G = Mean time per level.
                   A        B        C        D        E       F      G
               +--------+--------+--------+--------+--------+-----+--------+
         Total |  61476 |  52714 |   8762 |   7383 |  33053 |  55 | 1117.7 |
       Dungeon |  14995 |  12171 |   2824 |    884 |   8755 |  15 |  999.7 |
          Lair |   4883 |   4246 |    637 |    512 |   2844 |   5 |  976.6 |
         Swamp |   3179 |   3056 |    123 |    604 |   1760 |   4 |  794.8 |
     Snake Pit |   4854 |   4555 |    299 |    680 |   2786 |   4 | 1213.5 |
  Orcish Mines |   1944 |   1627 |    317 |     96 |   1130 |   2 |  972.0 |
   Elven Halls |   3292 |   3039 |    253 |    357 |   1959 |   3 | 1097.3 |
        Vaults |   9714 |   7621 |   2093 |   1414 |   4605 |   5 | 1942.8 |
         Crypt |   2650 |   2307 |    343 |    457 |   1103 |   3 |  883.3 |
        Depths |   6093 |   4680 |   1413 |    433 |   3092 |   4 | 1523.2 |
           Zot |   8028 |   7572 |    456 |   1775 |   4378 |   5 | 1605.6 |
        Bazaar |     24 |     24 |      0 |      0 |     17 |   1 |   24.0 |
         Sewer |    229 |    229 |      0 |      0 |      0 |   1 |  229.0 |
       Ossuary |    149 |    149 |      0 |      0 |     75 |   1 |  149.0 |
    Desolation |   1003 |   1003 |      0 |     94 |    403 |   1 | 1003.0 |
      Gauntlet |    435 |    435 |      0 |     72 |    146 |   1 |  435.0 |
               +--------+--------+--------+--------+--------+-----+--------+

Top non-repeatable levels by time:
   Zot:5: 2535 daAuts
Vaults:1: 2208 daAuts
Vaults:3: 2107 daAuts
Vaults:2: 2061 daAuts
Depths:2: 1988 daAuts
Vaults:4: 1926 daAuts
    D:13: 1801 daAuts
   Zot:3: 1613 daAuts
 Snake:3: 1589 daAuts
 Snake:4: 1568 daAuts
Depths:4: 1532 daAuts
   Elf:3: 1471 daAuts
    D:15: 1420 daAuts
     D:8: 1415 daAuts
Vaults:5: 1409 daAuts
